 Dungeon Crawl Stone Soup version 0.31-a0-609-g7bf6ffcfed (webtiles) character file.

Game seed: 8697112721973059285

2867 Rohain the Carver (level 9, 0/71 HPs)
             Began as a Gnoll Reaver on Aug 21, 2023.
             Was a Believer of Okawaru.
             Killed from afar by Maggie (18 damage)
             ... with a bolt of fire
             ... on level 7 of the Dungeon on Aug 22, 2023.
             The game lasted 00:15:04 (6855 turns).

Rohain the Carver (Gnoll Reaver)                    Turns: 6855, Time: 00:15:04

Health: 0/71       AC:  7    Str: 14    XL:     9   Next: 75%
Magic:  19/19      EV: 13    Int: 19    God:    Okawaru [**....]
Gold:   274        SH:  5    Dex: 12    Spells: 18/21 levels left

rFire   . . .        i - +2 long sword (freeze)
rCold   . . .        u - +0 buckler
rNeg    . . .        b - +0 leather armour
rPois   .            c - +1 helmet
rElec   .            (no cloak)
rCorr   .            (no gloves)
SInv    .            w - +0 pair of boots
Will    .....        q - amulet of regeneration
Stlth   ++           p - +6 ring of intelligence
HPRegen 1.11/turn    (no ring)
MPRegen 0.16/turn

%: no passive effects
@: no status effects
A: fangs 1, strong nose, distributed training
a: Renounce Religion, Heroism


You were on level 7 of the Dungeon.
You worshipped Okawaru.
Okawaru was pleased with you.
You visited 2 branches of the dungeon, and saw 9 of its levels.

You collected 274 gold pieces.

Inventory:

Hand Weapons
 a - a +1 heavy falchion
 i - a +2 long sword of freezing (weapon)
 o - a +3 flail of protection
Armour
 b - a +0 leather armour (worn)
 c - a +1 helmet (worn)
 u - a +0 buckler (worn)
 w - a +0 pair of boots (worn)
Jewellery
 p - a +6 ring of intelligence (left hand)
 q - an amulet of regeneration (around neck)
Talismans
 h - a blade talisman
 n - a blade talisman
 v - a flux talisman
Wands
 j - a wand of digging (6)
 y - a wand of iceblast (5)
Scrolls
 g - 4 scrolls of amnesia
 k - 2 scrolls of revelation
 m - a scroll of enchant weapon
 x - 2 scrolls of fear
Potions
 d - 2 potions of curing
 e - a potion of cancellation
 l - a potion of mutation {unknown}
 r - a potion of magic
 s - a potion of ambrosia {unknown}
 t - 2 potions of resistance {unknown}
 z - a potion of berserk rage {unknown}


   Skills:
 + Level 6.6 Fighting
 + Level 4.6 Short Blades
 + Level 8.1 Long Blades
 + Level 4.6 Axes
 + Level 4.6 Maces & Flails
 + Level 4.6 Polearms
 + Level 4.6 Staves
 + Level 4.6 Ranged Weapons
 + Level 4.6 Throwing
 + Level 4.6 Armour
 + Level 6.6 Dodging
 + Level 4.6 Stealth
 + Level 4.6 Shields
 + Level 4.6 Unarmed Combat
 + Level 6.9 Spellcasting
 + Level 6.7 Conjurations
 + Level 3.8 Hexes
 + Level 3.8 Summonings
 + Level 3.8 Necromancy
 + Level 3.8 Translocations
 + Level 3.8 Transmutations
 + Level 3.8 Fire Magic
 + Level 3.8 Ice Magic
 + Level 3.8 Air Magic
 + Level 3.8 Earth Magic
 + Level 3.8 Poison Magic
 + Level 5.1 Invocations
 + Level 4.6 Evocations
 + Level 3.8 Shapeshifting


You had 18 spell levels left.
You knew the following spells:

 Your Spells              Type           Power      Damage    Failure   Level
a - Kiss of Death         Conj/Necr      100%       2d13      1%          1
b - Momentum Strike       Conj/Tloc      52%        3d9       2%          2

Your spell library contained the following spells:

 Spells                   Type           Power      Damage    Failure   Level
 Cigotuvi's Dreadful Rot  Necr/Pois/Air  42%        N/A       4%          2
 Poisonous Vapours        Pois/Air       42%        N/A       4%          2
 Hailstorm                Conj/Ice       26%        3d7       5%          3
 Mephitic Cloud           Conj/Pois/Air  24%        N/A       7%          3
 Gell's Gravitas          Tloc           21%        N/A       10%         3
 Ignite Poison            Fire/Tmut/Pois 21%        N/A       10%         3
 Portal Projectile        Hex/Tloc       42%        N/A       10%         3
 Teleport Other           Tloc           21%        N/A       10%         3
 Leda's Liquefaction      Hex/Erth       10%        N/A       32%         4
 Freezing Cloud           Conj/Ice/Air   12%        6-21      54%         5
 Dispersal                Tloc           10%        N/A       99%         6
 Call Canine Familiar     Summ           Unusable   N/A       N/A         3

Dungeon Overview and Level Annotations

Branches:
Dungeon (8/15)             Temple (1/1) D:6
   Lair: D:8-11

Altars:
Ashenzari
Cheibriados
Gozag
Kikubaaqudgha
Makhleb
Nemelex Xobeh
Okawaru
Qazlal
Ru
Sif Muna
Vehumet
Wu Jian
Yredelemnul
Zin
The Shining One

Shops:
D:4 *

Annotations:
D:7 Maggie


Innate Abilities, Weirdness & Mutations

You have very sharp teeth.
Your uncanny sense of smell can sniff out nearby items.
Your experience applies equally to all skills.


Message History

Maggie closely misses you.
The steam dragon bites you but does no damage.
You block the steam dragon's attack. Maggie closely misses you.
The steam dragon bites you.
The steam dragon claws you but does no damage.
Things that are here:
a +0 dagger; 2 stones The steam dragon attacks as it pursues you!
The steam dragon closely misses you.
The steam dragon claws you but does no damage.
You block Maggie's attack. The steam dragon breathes steam at you.
The ball of steam misses you.
Maggie points at you and mumbles some strange words.
The bolt of fire misses you.
You closely miss Maggie. The steam dragon breathes steam at you.
The ball of steam hits Maggie.
Maggie completely resists.
The ball of steam hits you! Maggie hits you with a +0 war axe!
* * * LOW HITPOINT WARNING * * *
Maggie barely misses you.
Unknown command.
You slash Maggie! You freeze Maggie.
Maggie is lightly wounded.
Maggie misses you. x2
You barely miss Maggie. You bite Maggie.
Maggie is lightly wounded.
Maggie hits you with a +0 war axe. The steam dragon breathes steam at you.
The ball of steam hits Maggie.
Maggie completely resists.
The ball of steam misses you.
You slash Maggie! You freeze Maggie.
Maggie is moderately wounded.
You are engulfed in a cloud of scalding steam.
* * * LOW HITPOINT WARNING * * *
You feel yourself speed up. Maggie completely misses you.
You block Maggie's attack. Maggie casts a spell at you.
The bolt of fire hits you!!
You die...

######..####..# #......#.#.#....#
.##.#.....##..###..........##....
......................##...###...
....#.......#....#.#..##...####..
#.###.##.#..##..#####..##....#...
.##............#####.....#.......
........#...######.......#...##..
.......###...# ##.......#........
.............# #@..§.............
.........#..####.§.§...#........#
.........#....D@......##.........
........####).####.§...#.........
........##.>...# #.§.§...........
..........)....####§....##...#...
..........##..........###....#...
.....#######..........####.......
......###.###........>.# #.....#.


You could see Maggie.

Vanquished Creatures
  A two-headed ogre (D:7)
  Sigmund (D:6)
  Menkaure (D:4)
  A water moccasin (D:7)
  2 ice beasts (D:7)
  A black bear (D:6)
  A sky beast (D:6)
  3 bullfrogs
  A gnoll sergeant (D:6)
  5 scorpions
  5 wights
  A centaur zombie (D:8)
  2 jellies
  2 orc priests
  4 hounds
  2 iguanas
  A sleepcap (D:4)
  4 orc wizards
  A killer bee zombie (D:8)
  A howler monkey zombie (D:8)
  4 adders
  4 gnolls
  A shadow imp (D:7)
  3 white imps
  An ufetubus (D:6)
  3 worms
  2 dart slugs (D:1)
  15 orcs
  8 ball pythons
  13 endoplasms
  5 giant cockroaches
  8 goblins
  6 hobgoblins
  2 jackals (D:2)
  3 quokkas
  7 bats
  4 frilled lizards
  10 kobolds
  6 rats
145 creatures vanquished.

Vanquished Creatures (others)
  A wight (D:6)
1 creature vanquished.

Grand Total: 146 creatures vanquished

Notes
Turn   | Place    | Note
-------+----------+-------------------------------------------
     0 | D:1      | Rohain the Gnoll Reaver began the quest for the Orb.
     0 | D:1      | Reached XP level 1. HP: 20/20 MP: 6/6
   197 | D:1      | Reached XP level 2. HP: 26/26 MP: 7/7
   752 | D:2      | Reached skill level 5 in Spellcasting
   752 | D:2      | Reached XP level 3. HP: 31/31 MP: 7/9
   917 | D:2      | Reached skill level 1 in Invocations
  1061 | D:2      | Reached skill level 1 in Short Blades
  1061 | D:2      | Reached skill level 1 in Axes
  1061 | D:2      | Reached skill level 1 in Maces & Flails
  1061 | D:2      | Reached skill level 1 in Polearms
  1061 | D:2      | Reached skill level 1 in Staves
  1061 | D:2      | Reached skill level 1 in Ranged Weapons
  1061 | D:2      | Reached skill level 1 in Throwing
  1061 | D:2      | Reached skill level 1 in Armour
  1061 | D:2      | Reached skill level 1 in Stealth
  1061 | D:2      | Reached skill level 1 in Shields
  1061 | D:2      | Reached skill level 1 in Unarmed Combat
  1061 | D:2      | Reached skill level 1 in Evocations
  1221 | D:2      | Learned a level 2 spell: Momentum Strike
  1259 | D:2      | Reached XP level 4. HP: 34/35 MP: 8/11
  1858 | D:3      | You fall into a shaft and drop 1 floor!
  1879 | D:4      | Noticed a scorpion
  1900 | D:4      | Reached skill level 1 in Hexes
  1900 | D:4      | Reached skill level 1 in Summonings
  1900 | D:4      | Reached skill level 1 in Necromancy
  1900 | D:4      | Reached skill level 1 in Translocations
  1900 | D:4      | Reached skill level 1 in Transmutations
  1900 | D:4      | Reached skill level 1 in Fire Magic
  1900 | D:4      | Reached skill level 1 in Ice Magic
  1900 | D:4      | Reached skill level 1 in Air Magic
  1900 | D:4      | Reached skill level 1 in Earth Magic
  1900 | D:4      | Reached skill level 1 in Poison Magic
  1900 | D:4      | Reached skill level 1 in Shapeshifting
  1902 | D:4      | Killed a scorpion
  1903 | D:4      | Reached XP level 5. HP: 30/38 MP: 9/12
  2075 | D:4      | Noticed Menkaure
  2092 | D:4      | Found a glowing golden altar of the Shining One.
  2125 | D:4      | Became a worshipper of the Shining One
  2213 | D:3      | Reached XP level 6. HP: 28/34 MP: 13/13
  2661 | D:3      | Found a faded altar of an unknown god.
  2879 | D:4      | Reached skill level 5 in Fighting
  2879 | D:4      | Reached skill level 5 in Dodging
  3055 | D:4      | Found an opulent altar of Gozag.
  3304 | D:4      | Found Rohisif's Elemental Accessories.
  3392 | D:4      | Killed Menkaure
  3393 | D:4      | Reached XP level 7. HP: 45/56 MP: 15/15
  3676 | D:5      | Entered Level 5 of the Dungeon
  3787 | D:5      | Reached skill level 7 in Long Blades
  4376 | D:5      | Found a sparkling altar of Nemelex Xobeh.
  4620 | D:6      | Noticed Sigmund
  4639 | D:6      | Killed Sigmund
  4655 | D:6      | Found a staircase to the Ecumenical Temple.
  4675 | Temple   | Entered the Ecumenical Temple
  4688 | Temple   | Fell from the grace of the Shining One
  4688 | Temple   | Became a worshipper of Warmaster Okawaru
  4773 | D:6      | Reached XP level 8. HP: 40/63 MP: 16/16
  5687 | D:6      | Reached * piety under Okawaru
  5801 | D:7      | Found a burning altar of Makhleb.
  5812 | D:7      | Found a stormy altar of Qazlal.
  5925 | D:7      | HP: 2/62 [orc priest/divine providence (15)]
  6060 | D:7      | Reached XP level 9. HP: 62/69 MP: 18/18
  6460 | D:8      | Reached ** piety under Okawaru
  6633 | D:8      | Noticed Maggie
  6654 | D:8      | Noticed a two-headed ogre
  6779 | D:7      | Killed a two-headed ogre
  6780 | D:7      | Reached skill level 8 in Long Blades
  6780 | D:7      | Reached skill level 5 in Invocations
  6855 | D:7      | Killed from afar by Maggie

Illustrated notes

Levels and vault maps discovered:
D:1:      scummos_arrival_checkerplants, layout_loops_ring
D:2:      layout_loops_ring, minmay_pentomino_t4
D:3:      layout_loops_cross, ebering_ecumenical_altar_mist
D:4:      layout_layer_cave, mainiacjoe_overflow_paths, grunt_gozag_statues,
          nicolae_elemental_shop, uniq_menkaure
D:5:      layout_loops_corners, nemelex_xobeh_ov_fountains_minmay,
          minmay_misc_feat_square
D:6:      layout_cave_pods, minmay_temple_entry_stoned_glass,
          minmay_misc_feat_roman, uniq_sigmund
D:7:      layout_cave_pools, chequers_temple_overflow_statue_of_worship,
          serial_column_ruins, column_ruins_hut_water, column_ruins_grid_4,
          column_ruins_open_tiny, column_ruins_grid_1, column_ruins_grid_3,
          column_ruins_open_tiny, column_ruins_corridor_straight
D:8:      layout_cave_pods, regret_index_temple_of_mockery,
          nicolae_dithmenos_shadow_blocks, nicolae_overflow_crystal_walls,
          minitemple, serial_undead, serial_undead_e, serial_undead_e,
          serial_undead_a, serial_undead_c, uniq_amaemon, uniq_maggie
Temple:   nicolae_temple_bog_church

Skill      XL: |  1  2  3  4  5  6  7  8  9 |
---------------+----------------------------+-----
Spellcasting   | 5 6 |  6.9
Invocations    | 1 2 3 4 5 |  5.1
Short Blades   | 1 2 3 4 |  4.6
Axes           | 1 2 3 4 |  4.6
Maces & Flails | 1 2 3 4 |  4.6
Polearms       | 1 2 3 4 |  4.6
Staves         | 1 2 3 4 |  4.6
Ranged Weapons | 1 2 3 4 |  4.6
Throwing       | 1 2 3 4 |  4.6
Armour         | 1 2 3 4 |  4.6
Stealth        | 1 2 3 4 |  4.6
Shields        | 1 2 3 4 |  4.6
Unarmed Combat | 1 2 3 4 |  4.6
Evocations     | 1 2 3 4 |  4.6
Hexes          | 1 2 3 |  3.8
Summonings     | 1 2 3 |  3.8
Necromancy     | 1 2 3 |  3.8
Translocations | 1 2 3 |  3.8
Transmutations | 1 2 3 |  3.8
Fire Magic     | 1 2 3 |  3.8
Ice Magic      | 1 2 3 |  3.8
Air Magic      | 1 2 3 |  3.8
Earth Magic    | 1 2 3 |  3.8
Poison Magic   | 1 2 3 |  3.8
Shapeshifting  | 1 2 3 |  3.8
Fighting       | 5 6 |  6.6
Dodging        | 5 6 |  6.6
Long Blades    | 7 8 |  8.1
Conjurations   | 6 |  6.7

Action                     |  1- 3 |  4- 6 |  7- 9 || total
---------------------------+-------+-------+-------++-------
  Melee: Falchion          |   137 |   134 |     6 ||   277
         Bite              |     3 |    11 |    45 ||    59
         Punch             |       |     1 |       ||     1
         Flail             |       |       |   232 ||   232
         Long sword        |       |       |   107 ||   107
   Cast: Momentum Strike   |     1 |     3 |       ||     4
         Kiss of Death     |     1 |     4 |       ||     5
 Invoke: Heroism           |       |       |     1 ||     1
    Use: Scroll            |     2 |     6 |     4 ||    12
         Potion            |       |       |     3 ||     3
 Armour: Leather armour    |    52 |    38 |   180 ||   270
  Dodge: Dodged            |    97 |    81 |   305 ||   483
  Block: Buckler           |       |       |    86 ||    86

Table legend: (Time is in decaauts)
 A = Elapsed time spent in this place.
 B = Non-inter-level travel time spent in this place.
 C = Inter-level travel time spent in this place.
 D = Time resting spent in this place.
 E = Time spent auto-exploring this place.
 F = Levels seen in this place.
 G = Mean time per level.
                   A        B        C        D        E       F      G
               +--------+--------+--------+--------+--------+-----+--------+
         Total |   6971 |   6668 |    303 |    716 |   4140 |   9 |  774.6 |
       Dungeon |   6948 |   6649 |    299 |    716 |   4140 |   8 |  868.5 |
        Temple |     23 |     19 |      4 |      0 |      0 |   1 |   23.0 |
               +--------+--------+--------+--------+--------+-----+--------+

Top non-repeatable levels by time:
     D:4: 1243 daAuts
     D:6: 1198 daAuts
     D:7: 935 daAuts
     D:5: 918 daAuts
     D:2: 916 daAuts
     D:3: 859 daAuts
     D:1: 745 daAuts
     D:8: 129 daAuts
  Temple: 23 daAuts
